 Dungeon Crawl Stone Soup version 0.31-a0-175-g9f7f995f2b (webtiles) character file.

Game seed: 16018558868385978212

1178 qw the Skirmisher (level 8, -6/72 HPs)
             Began as a Naga Hunter on June 16, 2023.
             Was an Initiate of Okawaru.
             Mangled by a yak (10 damage)
             ... on level 5 of the Dungeon.
             The game lasted 00:01:51 (3984 turns).

qw the Skirmisher (Naga Hunter)                     Turns: 3984, Time: 00:01:51

Health: -6/72      AC: 13    Str: 13    XL:     8   Next: 42%
Magic:  7/8        EV: 14    Int:  6    God:    Okawaru [......]
Gold:   371        SH:  0    Dex: 23    Spells: 7/7 levels left

rFire   + + +        Y - +0 shortbow
rCold   + . .        (shield currently unavailable)
rNeg    . . .        o - +1 robe {rC+ rF+}
rPois   +            j - +1 helmet
rElec   .            (no cloak)
rCorr   .            a - +0 pair of gloves
SInv    +            e - +0 barding
Will    ++...        (no amulet)
Stlth   ++++         c - ring of Ulodiest {rPois rF++ Will+ Int-4 Dex+6}
HPRegen 0.32/turn    (no ring)
MPRegen 0.11/turn

%: no passive effects
@: short of breath, heroic, very slow
A: AC +2, large, see invisible, deformed body, poison resistance, slowness 2,
spit poison 1, naga tail 1
a: Spit Poison, Renounce Religion


You were on level 5 of the Dungeon.
You worshipped Okawaru.
Okawaru was noncommittal.
You visited 1 branch of the dungeon, and saw 6 of its levels.

You collected 381 gold pieces.
You spent 10 gold pieces at shops.


Innate Abilities, Weirdness & Mutations

Your serpentine skin is tough. (AC +2)
You have supernaturally acute eyesight. (SInv)
Armour fits poorly on your strangely shaped body.
Your system is resistant to poisons. (rPois)
You cover ground very slowly.
You can spit poison.
You have a snake-like lower body.


   Skills:
 + Level 4.1(9.1) Fighting
 - Level 8.3(13.3) Ranged Weapons
 - Level 1.0(6.0) Armour
 - Level 3.2(8.2) Dodging
 - Level 1.5(6.5) Stealth


You had 7 spell levels left.
You didn't know any spells.
Your spell library was empty.

Inventory:

Hand Weapons
 Y - a +0 shortbow (weapon)
Armour
 a - a +0 pair of gloves (worn)
 e - a +0 barding (worn)
 j - a +1 helmet (worn)
 n - a +1 ring mail of fire resistance
 o - a +1 robe of resistance (worn)
Jewellery
 c - the ring of Ulodiest (left hand) {rPois rF++ Will+ Int-4 Dex+6}
   (You acquired it on level 4 of the Dungeon)

   [ring of dexterity]

   Int:       It affects your intelligence (-4).
   Dex:       It affects your dexterity (+6).
   rF:        It greatly protects you from fire.
   rPois:     It protects you from poison.
   Will:      It increases your willpower.
Scrolls
 i - 5 scrolls of identify
Potions
 b - 2 potions of curing
 d - a potion of mutation
 k - 2 potions of haste
 m - a potion of cancellation

Dungeon Overview and Level Annotations

Branches:
Dungeon (6/15)
 Temple: D:4-7

Altars:
Elyvilon
Okawaru
Qazlal
Trog

Shops:
D:4 *

Annotations:
D:4 4 runed translucent doors, Crazy Yiuf; qw's ghost, amateur GrHu
D:6 qw's ghost, novice GrHu


Message History

The yak closely misses you. The yak barely misses you.
The yak gores you but does no damage.
You shoot an arrow. The arrow barely misses the yak.
You have got your breath back.
The yak gores you!
The yak gores you but does no damage. x2
3976 ||| INVOKING Spit Poison.
Aiming: Spit Poison (1% risk of failure)
Press: ? - help, Shift-Dir - straight line, f/p - yak The splash of poison hits the yak.
The yak is poisoned.
The yak is moderately wounded.
The yak gores you but does no damage. The yak gores you!
The yak barely misses you.
You shoot an arrow. The arrow hits the yak!
The yak is heavily wounded.
You shoot an arrow. The arrow hits the yak.
The yak is heavily wounded.
The yak gores you but does no damage. The yak misses you.
The yak completely misses you.
You shoot an arrow. The arrow barely misses the yak.
The yak gores you but does no damage. x2; The yak gores you!
You shoot an arrow.
The arrow hits the yak but does no damage.
The yak is heavily wounded.
The yak completely misses you. The yak misses you. The yak barely misses you.
You shoot an arrow. The arrow barely misses the yak.
You shoot an arrow. The arrow hits the yak.
The yak is heavily wounded.
The yak gores you but does no damage. The yak closely misses you. x2
You shoot an arrow.
The arrow hits the yak but does no damage.
The yak is heavily wounded.
You have got your breath back.
The yak closely misses you. x2; The yak completely misses you.
3984 ||| INVOKING Spit Poison.
Aiming: Spit Poison (1% risk of failure)
Press: ? - help, Shift-Dir - straight line, f/p - yak The splash of poison hits the yak!
The yak looks even sicker.
The yak is almost dead.
The yak gores you. The yak barely misses you. The yak gores you!
You die...

...........##.#.......#......#.#
.........#..#.#####...#.###..#.#
.........##.#.# #...#......#.#
.........##...# #...######.#.#
.........###..#####...# #.#.#
.........# ##.....#...# #.#.#
.........# #.........# #.#.#
.........# ####YY...!######.#.#
########## #@%#...#....#.#.#
#Y.#...#.##.#.#.#
#..##.<#.##.#.#.#
#......#....#.#.#
#...#...<...#.#.#
#>..#######.#.#.##
#.............#...
#.........#.######
#..#.####.#.....#


You could see 3 yaks.

Vanquished Creatures
  2 yaks (D:5)
  A water moccasin (D:4)
  Duvessa (D:4)
  An ogre (D:5)
  Blork the orc (D:4)
  2 scorpions (D:4)
  Dowan (D:4)
  A jelly (D:3)
  2 hounds (D:4)
  An iguana (D:5)
  Ijyb (D:4)
  An orc wizard (D:3)
  3 adders
  2 ufetubi (D:4)
  6 worms
  2 dart slugs
  17 orcs
  14 endoplasms
  2 giant cockroaches (D:4)
  12 goblins
  9 hobgoblins
  12 jackals
  10 kobolds
  5 quokkas
  6 ball pythons
  11 bats
  5 frilled lizards
  10 rats
141 creatures vanquished.

Notes
Turn   | Place    | Note
-------+----------+-------------------------------------------
     0 | D:1      | qw the Naga Hunter began the quest for the Orb.
     0 | D:1      | Reached XP level 1. HP: 19/19 MP: 1/1
     0 | D:1      | 0 ||| qw: Version: 0.2-a-29-g511e9b1
     0 | D:1      | 0 ||| qw: Game counter: 62
     0 | D:1      | 0 ||| qw: Always use a shield: true
     0 | D:1      | 0 ||| qw: God list: Okawaru
     0 | D:1      | 0 ||| qw: Allow faded altars: false
     0 | D:1      | 0 ||| qw: Do Orc after D:15 true
     0 | D:1      | 0 ||| qw: Do second Lair branch before Depths: true
     0 | D:1      | 0 ||| qw: Lair rune preference: random
     0 | D:1      | 0 ||| qw: Plans: Normal
     0 | D:1      | 0 ||| PLANNING D:1-11
     9 | D:1      | You fall into a shaft and drop 1 floor!
    11 | D:2      | 11 ||| INVOKING Spit Poison.
    15 | D:2      | 15 ||| INVOKING Spit Poison.
    21 | D:2      | 21 ||| INVOKING Spit Poison.
    23 | D:2      | Reached skill level 4 in Ranged Weapons
    23 | D:2      | Reached XP level 2. HP: 18/26 MP: 2/2
    62 | D:2      | 62 ||| INVOKING Spit Poison.
    67 | D:2      | 67 ||| INVOKING Spit Poison.
    73 | D:2      | 73 ||| INVOKING Spit Poison.
   126 | D:2      | 126 ||| READING scroll labelled ACZEOF WEYFAEQ.
   176 | D:2      | 176 ||| DROPPING scroll of butterflies.
   179 | D:2      | 179 ||| FLEEEEING.
   181 | D:2      | 181 ||| STAIRDANCE
   183 | D:1      | 183 ||| INVOKING Spit Poison.
   187 | D:1      | Found a faded altar of an unknown god.
   195 | D:1      | 195 ||| INVOKING Spit Poison.
   199 | D:1      | 199 ||| INVOKING Spit Poison.
   226 | D:1      | 226 ||| INVOKING Spit Poison.
   227 | D:1      | 227 ||| INVOKING Spit Poison.
   242 | D:1      | 242 ||| INVOKING Spit Poison.
   246 | D:1      | 246 ||| INVOKING Spit Poison.
   247 | D:1      | 247 ||| INVOKING Spit Poison.
   251 | D:1      | Reached XP level 3. HP: 32/32 MP: 3/3
   253 | D:1      | 253 ||| INVOKING Spit Poison.
   260 | D:1      | 260 ||| INVOKING Spit Poison.
   320 | D:1      | 320 ||| INVOKING Spit Poison.
   323 | D:1      | 323 ||| INVOKING Spit Poison.
   344 | D:1      | 344 ||| INVOKING Spit Poison.
   380 | D:1      | 380 ||| INVOKING Spit Poison.
   384 | D:1      | 384 ||| INVOKING Spit Poison.
   407 | D:1      | 407 ||| INVOKING Spit Poison.
   484 | D:1      | 484 ||| INVOKING Spit Poison.
   494 | D:1      | 494 ||| INVOKING Spit Poison.
   609 | D:1      | 609 ||| INVOKING Spit Poison.
   616 | D:1      | 616 ||| INVOKING Spit Poison.
   636 | D:1      | 636 ||| INVOKING Spit Poison.
   666 | D:1      | 666 ||| UPGRADING to +0 pair of gloves.
   671 | D:1      | 671 ||| UPGRADING to +0 barding.
   676 | D:1      | 676 ||| READING scroll labelled QUPEEQOWEU.
   690 | D:2      | 690 ||| INVOKING Spit Poison.
   701 | D:2      | 701 ||| INVOKING Spit Poison.
   733 | D:2      | 733 ||| INVOKING Spit Poison.
   736 | D:2      | 736 ||| INVOKING Spit Poison.
   742 | D:2      | 742 ||| INVOKING Spit Poison.
   804 | D:2      | 804 ||| INVOKING Spit Poison.
   904 | D:2      | 904 ||| INVOKING Spit Poison.
   906 | D:2      | Reached XP level 4. HP: 39/39 MP: 4/4
   923 | D:2      | Found a bloodstained altar of Trog.
   956 | D:2      | 956 ||| INVOKING Spit Poison.
   959 | D:2      | 959 ||| INVOKING Spit Poison.
   964 | D:2      | Reached skill level 1 in Armour
   973 | D:2      | Identified the +10 whip of the Skies Above {flame, *Rage
                  | rF+ rCorr Str+6 Dex+3}
   992 | D:2      | 992 ||| INVOKING Spit Poison.
   995 | D:2      | 995 ||| INVOKING Spit Poison.
  1010 | D:2      | 1010 ||| INVOKING Spit Poison.
  1081 | D:2      | 1081 ||| INVOKING Spit Poison.
  1085 | D:2      | 1085 ||| INVOKING Spit Poison.
  1150 | D:2      | Identified the +1 mace of Aclaamur {flame, rElec Will-
                  | Dex+3}
  1159 | D:2      | 1159 ||| READING scroll labelled IWEM JIQ ITEOSCH.
  1163 | D:2      | 1163 ||| READING 2 scrolls labelled HUL XUAWKEI.
  1164 | D:2      | 1164 ||| READING scroll labelled WAOPTADIGG.
  1165 | D:2      | 1165 ||| READING scroll labelled KUOTOSCH WE YQIXIU.
  1173 | D:3      | 1173 ||| INVOKING Spit Poison.
  1174 | D:3      | 1174 ||| STAIRDANCE
  1179 | D:2      | 1179 ||| INVOKING Spit Poison.
  1182 | D:2      | 1182 ||| INVOKING Spit Poison.
  1209 | D:3      | 1209 ||| INVOKING Spit Poison.
  1216 | D:3      | 1216 ||| STAIRDANCE
  1218 | D:2      | 1218 ||| INVOKING Spit Poison.
  1219 | D:2      | Reached skill level 5 in Ranged Weapons
  1229 | D:3      | 1229 ||| INVOKING Spit Poison.
  1234 | D:3      | 1234 ||| INVOKING Spit Poison.
  1252 | D:3      | 1252 ||| INVOKING Spit Poison.
  1276 | D:3      | 1276 ||| INVOKING Spit Poison.
  1293 | D:3      | 1293 ||| INVOKING Spit Poison.
  1296 | D:3      | 1296 ||| INVOKING Spit Poison.
  1299 | D:3      | 1299 ||| INVOKING Spit Poison.
  1306 | D:3      | 1306 ||| INVOKING Spit Poison.
  1309 | D:3      | Reached skill level 3 in Fighting
  1309 | D:3      | Reached XP level 5. HP: 44/49 MP: 5/5
  1353 | D:3      | 1353 ||| INVOKING Spit Poison.
  1359 | D:3      | 1359 ||| INVOKING Spit Poison.
  1363 | D:3      | 1363 ||| INVOKING Spit Poison.
  1366 | D:3      | 1366 ||| INVOKING Spit Poison.
  1371 | D:3      | 1371 ||| INVOKING Spit Poison.
  1421 | D:3      | 1421 ||| INVOKING Spit Poison.
  1481 | D:3      | 1481 ||| INVOKING Spit Poison.
  1487 | D:3      | 1487 ||| INVOKING Spit Poison.
  1595 | D:3      | Found a stormy altar of Qazlal.
  1683 | D:3      | 1683 ||| Stepping ~*~*~tactically~*~*~ (outnumbered).
  1684 | D:3      | 1684 ||| Stepping ~*~*~tactically~*~*~ (outnumbered).
  1685 | D:3      | 1685 ||| INVOKING Spit Poison.
  1692 | D:3      | 1692 ||| INVOKING Spit Poison.
  1707 | D:3      | 1707 ||| INVOKING Spit Poison.
  1826 | D:3      | 1826 ||| INVOKING Spit Poison.
  1862 | D:3      | 1862 ||| INVOKING Spit Poison.
  1959 | D:3      | 1959 ||| INVOKING Spit Poison.
  1993 | D:3      | 1993 ||| READING scroll labelled IREGHAKHLEP.
  1994 | D:3      | 1994 ||| READING scroll labelled XEACYOTIPP.
  1995 | D:3      | 1995 ||| READING scroll labelled FYREALIPHU.
  1996 | D:3      | 1996 ||| READING 7 scrolls of identify.
  1996 | D:3      | 1996 ||| IDENTIFYING coppery potion
  1997 | D:3      | 1997 ||| READING 6 scrolls of identify.
  1997 | D:3      | 1997 ||| IDENTIFYING metallic inky potion
  1998 | D:3      | 1998 ||| READING 5 scrolls of identify.
  1998 | D:3      | 1998 ||| IDENTIFYING brown potion
  1999 | D:3      | 1999 ||| READING 4 scrolls of identify.
  1999 | D:3      | 1999 ||| IDENTIFYING sedimented purple potion
  2000 | D:3      | 2000 ||| READING 3 scrolls of identify.
  2000 | D:3      | 2000 ||| IDENTIFYING fuming dark potion
  2001 | D:3      | 2001 ||| DROPPING potion of enlightenment.
  2019 | D:4      | 2019 ||| INVOKING Spit Poison.
  2023 | D:4      | 2023 ||| INVOKING Spit Poison.
  2030 | D:4      | 2030 ||| INVOKING Spit Poison.
  2033 | D:4      | Reached XP level 6. HP: 56/56 MP: 6/6
  2034 | D:4      | 2034 ||| INVOKING Spit Poison.
  2061 | D:4      | 2061 ||| INVOKING Spit Poison.
  2070 | D:4      | Found Duuhiamo's CLEARANCE SALE!.
  2071 | D:4      | 2071 ||| INVOKING Spit Poison.
  2074 | D:4      | 2074 ||| INVOKING Spit Poison.
  2076 | D:4      | Reached skill level 6 in Ranged Weapons
  2099 | D:4      | 2099 ||| INVOKING Spit Poison.
  2105 | D:4      | 2105 ||| INVOKING Spit Poison.
  2110 | D:4      | 2110 ||| INVOKING Spit Poison.
  2158 | D:4      | 2158 ||| BUYING scroll of identify (10 gold).
  2158 | D:4      | Bought a scroll of identify for 10 gold pieces
  2178 | D:4      | Identified the +3 hammer "Spiderslayer" {freeze, Drain
                  | rPois rN+++ Will- SInv}
  2179 | D:4      | Found a runed translucent door.
  2180 | D:4      | Noticed Crazy Yiuf
  2290 | D:4      | Noticed qw's ghost (amateur GrHu)
  2297 | D:4      | Noticed a water moccasin
  2307 | D:4      | Killed a water moccasin
  2393 | D:4      | 2393 ||| INVOKING Spit Poison.
  2400 | D:4      | 2400 ||| INVOKING Spit Poison.
  2432 | D:4      | Noticed Duvessa
  2432 | D:4      | Noticed Dowan
  2433 | D:4      | 2433 ||| Stepping ~*~*~tactically~*~*~ (outnumbered).
  2435 | D:4      | 2435 ||| Stepping ~*~*~tactically~*~*~ (outnumbered).
  2437 | D:4      | 2437 ||| INVOKING Spit Poison.
  2444 | D:4      | 2444 ||| INVOKING Spit Poison.
  2447 | D:4      | Killed Dowan
  2448 | D:4      | Reached XP level 7. HP: 38/64 MP: 7/7
  2450 | D:4      | 2450 ||| INVOKING Spit Poison.
  2452 | D:4      | Killed Duvessa
  2580 | D:4      | Noticed Ijyb
  2585 | D:4      | 2585 ||| INVOKING Spit Poison.
  2588 | D:4      | 2588 ||| INVOKING Spit Poison.
  2594 | D:4      | 2594 ||| INVOKING Spit Poison.
  2595 | D:4      | Killed Ijyb
  2667 | D:4      | 2667 ||| INVOKING Spit Poison.
  2668 | D:4      | Reached skill level 7 in Ranged Weapons
  2681 | D:4      | 2681 ||| INVOKING Spit Poison.
  2691 | D:4      | 2691 ||| INVOKING Spit Poison.
  2696 | D:4      | 2696 ||| INVOKING Spit Poison.
  2699 | D:4      | 2699 ||| INVOKING Spit Poison.
  2750 | D:4      | 2750 ||| INVOKING Spit Poison.
  2805 | D:4      | Found a runed translucent gate.
  2805 | D:4      | Found a runed translucent gate.
  2805 | D:4      | Found a runed translucent gate.
  2823 | D:4      | 2823 ||| INVOKING Spit Poison.
  2830 | D:4      | 2830 ||| INVOKING Spit Poison.
  2870 | D:4      | Noticed Blork the orc
  2872 | D:4      | 2872 ||| INVOKING Spit Poison.
  2879 | D:4      | 2879 ||| INVOKING Spit Poison.
  2879 | D:4      | Killed Blork the orc
  3057 | D:4      | 3057 ||| UPGRADING to +0 helmet.
  3062 | D:4      | 3062 ||| UPGRADING to +1 helmet.
  3072 | D:4      | 3072 ||| DROPPING +0 helmet.
  3073 | D:4      | 3073 ||| UPGRADING to +1 ring mail of fire resistance.
  3083 | D:4      | 3083 ||| DROPPING +0 leather armour.
  3084 | D:4      | 3084 ||| UPGRADING to +1 robe of resistance.
  3094 | D:4      | 3094 ||| READING scroll labelled ILOUNIOSMU.
  3094 | D:4      | Identified a scroll of acquirement
  3094 | D:4      | 3094 ||| ACQUIRING ring of Ulodiest {rPois rF++ Will+ Int-4
                  | Dex+6}
  3094 | D:4      | Acquired the ring of Ulodiest {rPois rF++ Will+ Int-4
                  | Dex+6}
  3096 | D:4      | 3096 ||| UPGRADING to ring of Ulodiest {rPois rF++ Will+
                  | Int-4 Dex+6}.
  3097 | D:4      | 3097 ||| READING scroll labelled JEHOPU ZEWKUQA.
  3114 | D:5      | Entered Level 5 of the Dungeon
  3222 | D:5      | 3222 ||| INVOKING Spit Poison.
  3226 | D:5      | 3226 ||| INVOKING Spit Poison.
  3230 | D:5      | Found an iron altar of Okawaru.
  3231 | D:5      | 3231 ||| PLANNING OKAWARU WORSHIP
  3237 | D:5      | Became a worshipper of Warmaster Okawaru
  3238 | D:5      | 3238 ||| PLANNING D:1-11
  3266 | D:5      | 3266 ||| INVOKING Spit Poison.
  3270 | D:5      | 3270 ||| INVOKING Spit Poison.
  3275 | D:5      | 3275 ||| INVOKING Spit Poison.
  3407 | D:5      | 3407 ||| INVOKING Spit Poison.
  3470 | D:5      | 3470 ||| INVOKING Spit Poison.
  3474 | D:5      | 3474 ||| INVOKING Spit Poison.
  3477 | D:5      | Reached skill level 3 in Dodging
  3477 | D:5      | Reached XP level 8. HP: 64/72 MP: 8/8
  3584 | D:5      | Found a white marble altar of Elyvilon.
  3725 | D:6      | Noticed a yak
  3725 | D:6      | Noticed a yak
  3726 | D:6      | 3726 ||| INVOKING Spit Poison.
  3726 | D:6      | Noticed a yak
  3726 | D:6      | Noticed a yak
  3728 | D:6      | Noticed a yak
  3729 | D:6      | Noticed qw's ghost (novice GrHu)
  3731 | D:6      | 3731 ||| STAIRDANCE
  3733 | D:5      | 3733 ||| INVOKING Spit Poison.
  3738 | D:5      | 3738 ||| INVOKING Spit Poison.
  3738 | D:5      | HP: 15/72 [yak (13)]
  3738 | D:5      | HP: 7/72 [yak (8)]
  3739 | D:5      | 3739 ||| DRINKING 2 potions of heal wounds.
  3741 | D:5      | 3741 ||| DRINKING potion of heal wounds.
  3742 | D:5      | 3742 ||| INVOKING Spit Poison.
  3745 | D:5      | Killed a yak
  3747 | D:5      | 3747 ||| INVOKING Spit Poison.
  3747 | D:5      | HP: 17/72 [yak (7)]
  3752 | D:5      | HP: 6/72 [yak (7)]
  3754 | D:5      | 3754 ||| INVOKING Spit Poison.
  3754 | D:5      | Killed a yak
  3754 | D:5      | Reached * piety under Okawaru
  3755 | D:5      | Reached skill level 8 in Ranged Weapons
  3969 | D:6      | 3969 ||| INVOKING Spit Poison.
  3971 | D:6      | 3971 ||| STAIRDANCE
  3973 | D:5      | 3973 ||| INVOKING Heroism.
  3976 | D:5      | 3976 ||| INVOKING Spit Poison.
  3976 | D:5      | HP: 15/72 [yak (7)]
  3979 | D:5      | HP: 6/72 [yak (10)]
  3984 | D:5      | 3984 ||| INVOKING Spit Poison.
  3984 | D:5      | HP: 4/72 [yak (3)]
  3984 | D:5      | Mangled by a yak

Levels and vault maps discovered:
D:1:      minmay_arrival_semitransparent, layout_basic,
          dreamdust_ecumenical_altar_statues, dreamdust_wishing_well
D:2:      layout_basic, basic_altar, minmay_split_cup_large
D:3:      cheibrodos_fertilizer, layout_basic, mainiacjoe_overflow_alcove_2
D:4:      layout_loops_ring, gammafunk_ghost_icy, minmay_misc_feat_tower,
          nicolae_shop_clearance, uniq_blork_the_orc, uniq_duvessa, uniq_ijyb,
          uniq_crazy_yiuf_cottage
D:5:      layout_basic, lemuel_round_altar, lemuel_crystal_altar
D:6:      layout_layer_cave, marbit_many_paths, kennysheep_slug_shrine,
          temple_green, gammafunk_ghost_arena, amethyst_killhole, uniq_menkaure,
          uniq_eustachio

Skill      XL: |  1  2  3  4  5  6  7  8 |
---------------+-------------------------+-----
Ranged Weapons | 4 5 6 7 8 |  8.3
Armour         | 1 |  1.0
Fighting       | 3 4 |  4.1
Dodging        | 2 3 |  3.2
Stealth        | |  1.5

Action                     |  1- 3 |  4- 6 |  7- 9 || total
---------------------------+-------+-------+-------++-------
   Fire: Shortbow          |    77 |   153 |    89 ||   319
 Invoke: Heroism           |       |       |     1 ||     1
Ability: Spit Poison       |    32 |    48 |    31 ||   111
    Use: Scroll            |     2 |    12 |     2 ||    16
         Potion            |       |       |     2 ||     2
 Armour: Leather armour    |    12 |    82 |    20 ||   114
         Robe              |       |       |    17 ||    17
  Dodge: Dodged            |    19 |    46 |    42 ||   107

Table legend:
 A = Non-vault XP
 B = Vault XP
 C = Vault XP percentage of total XP
 D = Non-vault monster count
 E = Vault monster count
 F = Vault count percentage of total count
                 A         B        C        D         E       F
            +---------+---------+-------+---------+---------+-------
      Total |    1263 |     421 |  25.0 |     117 |      24 |  17.0
            +---------+---------+-------+---------+---------+-------
        D:1 |      46 |       0 |   0.0 |      31 |       0 |   0.0
        D:2 |      60 |       6 |   9.1 |      26 |       4 |  13.3
        D:3 |     102 |      68 |  40.0 |      27 |      16 |  37.2
        D:4 |     456 |     347 |  43.2 |      22 |       4 |  15.4
        D:5 |     599 |       0 |   0.0 |      11 |       0 |   0.0
            +---------+---------+-------+---------+---------+-------
